 Dungeon Crawl Stone Soup version 0.27.1-33-g824d729ab1 (webtiles) character file.

Game seed: 7407239089726379271

8829 sking99 the Grappler (level 11, -12/107 HPs)
             Began as a Troll Monk on Dec 8, 2021.
             Was an Elder of Yredelemnul.
             Mangled by an orc knight (28 damage)
             ... in a bailey.
             The game lasted 00:24:45 (8915 turns).

sking99 the Grappler (Troll Monk)                   Turns: 8915, Time: 00:24:46

Health: -12/107    AC: 17    Str: 21    XL:     11   Next: 15%
Magic:  12/12      EV: -1    Int:  6    God:    Yredelemnul [****..]
Gold:   277        SH: 16    Dex: 15    Spells: 10/10 levels left

rFire    + . .     SeeInvis .     - Unarmed
rCold    + + .     Faith    .   y - +0 tower shield
rNeg     . . .     Spirit   .   s - +2 gold dragon scales
rPois    +         Reflect  .   (helmet restricted)
rElec    .         Harm     .   o - +0 cloak
rCorr    .         Rampage  .   (gloves unavailable)
Will     .....                  (boots unavailable)
Stlth    ..........             e - amulet of regeneration
HPRegen  2.27/turn              g - ring of protection from cold
MPRegen  0.13/turn              (no ring)

@: no status effects
A: large, unfitting armour, claws 3, regeneration 1, shaggy fur 1, tough skin 1
a: Renounce Religion, Recall Undead Slaves, Injury Mirror, Animate Dead, Drain
Life


You were in a bailey.
You worshipped Yredelemnul.
Yredelemnul was greatly pleased with you.
You visited 2 branches of the dungeon, and saw 11 of its levels.
You also visited: Sewer and Bailey.

You collected 1531 gold pieces.
You spent 1254 gold pieces at shops.

Inventory:

Armour
 o - a +0 cloak (worn)
 s - +2 gold dragon scales (worn)
 y - a +0 tower shield (worn)
Jewellery
 e - an amulet of regeneration (around neck)
 g - a ring of protection from cold (left claw)
 D - a ring of wizardry
 H - a ring of magical power
Wands
 p - a wand of flame (12)
 t - a wand of iceblast (3)
 u - a wand of mindburst (31)
 v - a wand of paralysis (5)
 w - a wand of digging (7)
 B - a wand of acid (6)
Scrolls
 a - a scroll of immolation
 b - 7 scrolls of teleportation
 c - a scroll of fog {unknown}
 n - a scroll of brand weapon {unknown}
 q - 2 scrolls of magic mapping
 x - a scroll of fear
Potions
 d - 3 potions of curing
 f - 4 potions of cancellation
 h - 2 potions of attraction
 i - 3 potions of lignification
 j - a potion of heal wounds
 k - 3 potions of brilliance {unknown}
 l - a potion of magic
 m - 2 potions of berserk rage
 r - 3 potions of invisibility
 z - 2 potions of haste {unknown}
 C - a potion of might
 G - a potion of mutation {unknown}


   Skills:
 - Level 6.5 Fighting
 - Level 2.4 Dodging
 - Level 1.0 Stealth
 * Level 7.8 Shields
 + Level 12.3 Unarmed Combat
 + Level 3.2 Invocations


You had 10 spell levels left.
You didn't know any spells.
Your spell library contained the following spells:

 Spells                   Type           Power      Damage    Failure   Level
 Ozocubu's Armour         Ice            0%         N/A       100%        3
 Petrify                  Tmut/Erth      0%         N/A       100%        4
 Fireball                 Conj/Fire      0%         3d3       100%        5
 Metabolic Englaciation   Hex/Ice        0%         N/A       100%        5
 Simulacrum               Ice/Necr       0%         N/A       100%        6
 Starburst                Conj/Fire      0%         6d3       100%        6
 Statue Form              Tmut/Erth      0%         N/A       100%        6
 Ignition                 Fire           0%         3d3       100%        8


Dungeon Overview and Level Annotations

Branches:
Dungeon (10/15)            Temple (1/1) D:6            Lair (0/6) D:10
    Orc (0/2) D:9           Sewer (visited)          Bailey (1/1)

Altars:
Cheibriados
Dithmenos
Fedhas
Gozag
Hepliaklqana
Kikubaaqudgha
Makhleb
Nemelex Xobeh
Qazlal
Ru
Sif Muna
Trog
Uskayaw
Vehumet
Wu Jian
Xom
Yredelemnul
The Shining One

Shops:
D:6 [((


Innate Abilities, Weirdness & Mutations

You are too large for most types of armour.
You have claws for hands.
Your natural rate of healing is unusually fast.
You are covered in fur. (AC +1)
You have tough skin. (AC +1)


Message History

You block the orc warlord's attack.
The orc warlord hits your hobgoblin zombie with a +0 vorpal broad axe!!
Your hobgoblin zombie is destroyed!
You scratch the orc warlord.
The orc warlord is lightly wounded.
The orc warlord hits you with a +0 vorpal broad axe!!
You block the orc knight's attack.
Unknown command.
The orc warlord roars a battlecry!
The orc warrior goes into a battle-frenzy!
The orc warrior no longer looks unusually strong.
The orc no longer looks unusually strong.
The orc warlord roars a battlecry!
The orc warrior goes into a battle-frenzy!
You block the orc knight's attack.
There is an open door here.
You closely miss the orc knight.
The orc knight no longer looks unusually strong.
You closely miss the orc knight.
The orc knight hits you with a +0 war axe!
The orc warlord roars a battlecry!
The orcs go into a battle-frenzy!
Your gold dragon scales prevents you from hitting the orc knight.
The orc knight hits you with a +0 war axe.
You block the goblin's attack.
You scratch the orc knight.
The orc knight is lightly wounded.
The orc knight hits you with a +0 war axe!!
You claw the orc knight!
The orc knight is moderately wounded.
The orc knight roars a battlecry!
You mangle the orc knight!!
The orc knight is heavily wounded.
The orc warlord no longer looks unusually strong.
The orc knight hits you with a +0 war axe!!
* * * LOW HITPOINT WARNING * * *
You fail to use your ability.
The orc knight hits you with a +0 war axe!!
You die...
Your body rises from the dead as a mindless zombie.

#..........8##..... #
#.........)8#oo.... #
#∩....⌠..).)'o.g... #
#.........)8#...... #
#.......o.o8# ..... #
##......go.### .... ##
###...gg###.###...
###.
###.#o#.....###.###...
###@o.......###.....
#...........#.....Z
#.........Z.#...Z..
#.....⌠....Z#....Z⌠
#..........)ZZ.....
#..........)#......
##.........###.....
###.....### ###...
###.### ###.


You could see an orc warlord, an orc knight (strong), 2 orc warriors and 3
goblins.

Vanquished Creatures
  Harold (D:9)
  A two-headed ogre (D:10)
  An orc knight (Bailey)
  A manticore (D:7)
  A gargoyle (D:9)
  4 yaks (D:8)
  A steam dragon (D:9)
  Menkaure (D:4)
  A vampire mosquito (D:9)
  2 water moccasins
  5 orc warriors
  A necrophage (D:5)
  4 ogres
  5 centaurs
  Blork the orc (D:5)
  6 bullfrogs
  2 kobold brigands
  A gnoll sergeant (D:9)
  5 scorpions
  17 wights
  An electric eel (D:6)
  3 howler monkeys (D:7)
  A bullfrog zombie (D:5)
  2 jellies
  Crazy Yiuf (D:3)
  6 orc priests
  3 centaur zombies
  Jessica (D:3)
  Terence (D:3)
  Natasha (thrice) (D:3)
  A bullfrog skeleton (D:5)
  5 orc wizards
  A killer bee zombie (D:7)
  2 hound skeletons (D:4)
  A mummy (D:10)
  A howler monkey zombie (D:8)
  Robin (D:3)
  17 gnolls
  16 adders
  A river rat (D:4)
  An adder skeleton (D:4)
  6 worms
  2 dart slugs
  31 orcs
  15 ball pythons
  8 bats
  20 endoplasms
  11 giant cockroaches
  33 goblins
  21 hobgoblins
  5 jackals
  12 kobolds
  10 quokkas
  16 frilled lizards
  10 rats
  A bush (D:3)
331 creatures vanquished.

Vanquished Creatures (collateral kills)
  An ugly thing (D:6)
  A manticore (D:10)
  An orc warrior (Bailey)
  2 centaurs
  A necrophage (D:7)
  A wight (D:8)
  An orc priest (D:8)
  An orc wizard (D:8)
  A howler monkey zombie (D:10)
  3 gnolls (D:9)
  5 orcs
  3 goblins (Bailey)
  3 kobolds (D:9)
24 creatures vanquished.

Vanquished Creatures (others)
  A wraith (Bailey)
  2 bullfrog zombies
  An ogre zombie (D:6)
  4 gnoll zombies (Bailey)
  12 goblin zombies (Bailey)
  8 hobgoblin zombies (Bailey)
  2 howler monkey zombies (D:7)
  2 kobold zombies (D:7)
  10 orc zombies
  A fungus (D:5)
43 creatures vanquished.

Grand Total: 398 creatures vanquished

Notes
Turn   | Place    | Note
-------+----------+-------------------------------------------
     0 | D:1      | sking99 the Troll Monk began the quest for the Orb.
     0 | D:1      | Reached XP level 1. HP: 22/22 MP: 0/0
   104 | D:1      | Reached XP level 2. HP: 29/29 MP: 1/1
   559 | D:1      | Reached XP level 3. HP: 36/36 MP: 2/2
   782 | D:1      | Reached skill level 4 in Unarmed Combat
  1416 | D:3      | Found a faded altar of an unknown god.
  1418 | D:3      | Noticed a floating eye
  1433 | D:3      | Reached XP level 4. HP: 43/45 MP: 3/3
  1537 | D:3      | Noticed a golden eye
  1543 | D:3      | Noticed a golden eye
  1658 | D:3      | Noticed Natasha
  1665 | D:3      | Killed Natasha
  1764 | D:3      | Noticed a shining eye
  1786 | D:3      | Found a runed translucent door.
  1787 | D:3      | Noticed Crazy Yiuf
  1830 | D:3      | Noticed Terence
  1841 | D:3      | Killed Terence
  1842 | D:3      | Reached skill level 5 in Unarmed Combat
  1842 | D:3      | Reached XP level 5. HP: 53/53 MP: 4/4
  1909 | D:3      | Noticed Robin
  1927 | D:3      | Killed Robin
  1958 | D:3      | Noticed Jessica
  1963 | D:3      | Killed Jessica
  2221 | D:3      | Noticed Natasha
  2225 | D:3      | Killed Natasha
  2283 | D:3      | Killed Crazy Yiuf
  2372 | D:4      | Reached XP level 6. HP: 62/62 MP: 5/5
  2375 | D:4      | Reached skill level 6 in Unarmed Combat
  2462 | D:4      | Found a glowing drain.
  2466 | Sewer    | Entered a sewer
  2741 | Sewer    | Reached XP level 7. HP: 65/71 MP: 6/6
  2806 | D:4      | Reached skill level 7 in Unarmed Combat
  2881 | D:3      | Noticed Natasha
  2890 | D:3      | Killed Natasha
  2933 | D:4      | Noticed Menkaure
  2938 | D:4      | Killed Menkaure
  3265 | D:5      | Entered Level 5 of the Dungeon
  3346 | D:5      | Reached skill level 8 in Unarmed Combat
  3350 | D:5      | Identified a scroll of acquirement
  3441 | D:5      | Reached skill level 5 in Fighting
  3441 | D:5      | Reached XP level 8. HP: 63/80 MP: 7/7
  3765 | D:5      | Reached skill level 9 in Unarmed Combat
  3828 | D:5      | Found a blossoming altar of Fedhas.
  3862 | D:5      | Noticed Blork the orc
  3869 | D:5      | Killed Blork the orc
  4369 | D:6      | Found a staircase to the Ecumenical Temple.
  4374 | Temple   | Entered the Ecumenical Temple
  4578 | Temple   | Became a worshipper of Yredelemnul the Dark
  4578 | Temple   | Reached * piety under Yredelemnul
  4578 | Temple   | Reached ** piety under Yredelemnul
  4615 | D:6      | Reached skill level 10 in Unarmed Combat
  4748 | D:6      | Noticed a green ugly thing
  4758 | D:6      | Killed a green ugly thing
  4759 | D:6      | Reached XP level 9. HP: 73/89 MP: 8/8
  4937 | D:6      | Found Joxaas's Antique Weapon Shoppe.
  4972 | D:6      | Found Lauvat's Antique Weapon Boutique.
  4989 | D:6      | Found an opulent altar of Gozag.
  5177 | D:6      | Found Pycre's Armour Shop.
  5182 | D:6      | Acquired 1085 gold pieces
  5184 | D:6      | Bought +2 gold dragon scales for 1196 gold pieces
  5184 | D:6      | Bought a +0 tower shield for 58 gold pieces
  5386 | D:7      | Reached skill level 1 in Shields
  5501 | D:7      | Noticed a manticore
  5517 | D:7      | Killed a manticore
  5518 | D:7      | Reached skill level 11 in Unarmed Combat
  6653 | D:8      | Reached XP level 10. HP: 96/98 MP: 9/9
  6655 | D:8      | Reached skill level 1 in Invocations
  6721 | D:8      | Reached *** piety under Yredelemnul
  6785 | D:8      | Reached skill level 5 in Shields
  6985 | D:8      | Received a gift from Yredelemnul (a mummy)
  7537 | D:9      | Noticed a gargoyle
  7543 | D:9      | Killed a gargoyle
  7606 | D:9      | Noticed Harold
  7618 | D:9      | Killed Harold
  7779 | D:9      | Reached skill level 12 in Unarmed Combat
  7816 | D:9      | Found a staircase to the Orcish Mines.
  8188 | D:10     | Entered Level 10 of the Dungeon
  8224 | D:10     | Noticed a two-headed ogre
  8230 | D:10     | Killed a two-headed ogre
  8232 | D:10     | Noticed a manticore
  8236 | D:10     | Received a gift from Yredelemnul (a mummy)
  8239 | D:10     | Killed a manticore
  8240 | D:10     | Reached XP level 11. HP: 76/107 MP: 10/12
  8276 | D:10     | Found a flagged portal.
  8409 | Bailey   | Entered a bailey
  8465 | Bailey   | Reached **** piety under Yredelemnul
  8640 | Bailey   | Noticed an orc knight
  8647 | Bailey   | Received a gift from Yredelemnul (a wraith)
  8669 | Bailey   | Killed an orc knight
  8875 | Bailey   | Noticed an orc warlord
  8875 | Bailey   | Noticed an orc knight
  8915 | Bailey   | Mangled by an orc knight

Illustrated notes

Levels and vault maps discovered:
D:1:      dpeg_arrival_ternary, layout_loops_corners
D:2:      layout_rooms, grunt_ministairs_15
D:3:      layout_basic, hellmonk_ecumenical_altar_watching_god, serial_rivers,
          chequers_serial_rivers_room_b, chequers_serial_rivers_large_a,
          chequers_serial_rivers_micro_a, chequers_serial_rivers_micro_d,
          chequers_serial_rivers_marsh, minmay_hedge_maze,
          minmay_misc_feat_room, uniq_terence, uniq_robin, uniq_jessica,
          uniq_crazy_yiuf_cottage, uniq_natasha
D:4:      layout_basic, gup_sewer_entry_spiral, uniq_menkaure
D:5:      old_forge, layout_loops_corners, fedhas_bush_and_centaur_altar,
          uniq_blork_the_orc
D:6:      layout_loops_ring, grunt_gozag_statues, temple_doors_e, serial_shops,
          nicolae_shop_trees, shop, nicolae_shop_behind_doors,
          minmay_crystal_water, kennysheep_generic_room_6
D:7:      layout_layer_cave, serial_undead, serial_undead_b, serial_undead_b,
          serial_undead_d, serial_undead_b
D:8:      layout_gridville
D:9:      layout_cave_pools, orc_0_dummy, st_stairs_11, kennysheep_potato,
          uniq_harold
D:10:     layout_gridville, nicolae_overflow_hidden_temple, lair_entry_dummy,
          enter_bailey_8, grunt_decor_arrowhead, minmay_tree_intersection,
          uniq_maggie
Temple:   eino_temple_scatter_basement
Bailey:   bailey_axe_minmay_hex_keep, bailey

Skill      XL: |  1  2  3  4  5  6  7  8  9 10 |
---------------+-------------------------------+-----
Unarmed Combat | 4 5 6 8 10 11 12 | 12.3
Fighting       | 3 4 5 6 |  6.5
Shields        | 4 7 |  7.8
Invocations    | 3 |  3.2
Dodging        | |  2.4
Stealth        | |  1.0

Action                   |  1- 3 |  4- 6 |  7- 9 | 10-12 || total
-------------------------+-------+-------+-------+-------++-------
Melee: Unarmed           |   137 |   246 |   279 |   302 ||   964
       Punch             |     4 |     5 |     7 |       ||    16
Invok: Animate Remains   |       |       |    11 |       ||    11
       Animate Dead      |       |       |       |    19 ||    19
       Recall Undead Sla |       |       |       |     4 ||     4
  Use: Scroll            |       |     6 |     5 |     8 ||    19
       Potion            |       |       |     2 |       ||     2
 Stab: Sleeping          |     5 |     9 |     2 |       ||    16
       Distracted        |       |     1 |       |       ||     1
Armor: Robe              |    33 |    62 |    52 |       ||   147
       Gold dragon scale |       |       |    49 |   165 ||   214
Dodge: Dodged            |    67 |   108 |    56 |     8 ||   239
Block: Tower shield      |       |       |    68 |   250 ||   318
